 Dungeon Crawl Stone Soup version 0.26-a0-834-g69557b85cc (webtiles) character file.

Game seed: 17298383720962106083

187 jiml777 the Gusty (level 5, -7/28 HPs)
             Began as a Deep Elf Air Elementalist on Nov 16, 2020.
             Killed by divine providence
             ... invoked by an orc priest
              (15 damage)
             ... on level 3 of the Dungeon.
             The game lasted 00:24:12 (2989 turns).

jiml777 the Gusty (Deep Elf Air Elementalist)       Turns: 2989, Time: 00:24:13

Health: -7/28      AC:  4    Str:  5    XL:     5   Next: 39%
Magic:  5/13       EV: 13    Int: 21    God:
Gold:   191        SH:  0    Dex: 15    Spells: 2/12 levels left

rFire    . . .     SeeInvis .   e - +0 short sword
rCold    . . .     Faith    .   (no shield)
rNeg     . . .     Spirit   .   a - +0 robe
rPois    .         Reflect  .   d - +0 helmet
rElec    .         Harm     .   m - +0 cloak
rCorr    .         Rampage  .   (no gloves)
MR       .....                  (no boots)
Stlth    ++........             (no amulet)
HPRegen  0.09/turn              (no ring)
MPRegen  0.13/turn              (no ring)

@: slowed, very slow
A: no striking features
a: no special abilities


You were on level 3 of the Dungeon.
You visited 1 branch of the dungeon, and saw 3 of its levels.

You collected 191 gold pieces.

Inventory:

Hand Weapons
 e - a +0 short sword (weapon)
Missiles
 j - 13 poisoned darts (quivered)
 l - 24 arrows
Armour
 a - a +0 robe (worn)
 d - a +0 helmet (worn)
 m - a +0 cloak (worn)
Scrolls
 f - a scroll of fog {unknown}
 h - a scroll of magic mapping {unknown}
 i - a scroll of enchant armour {unknown}
 k - a scroll of blinking {unknown}
 n - a scroll of teleportation {unknown}
Potions
 b - a potion of magic
 c - 2 potions of mutation
 g - 2 potions of berserk rage
 p - a potion of flight


   Skills:
 + Level 2.8 Dodging
 + Level 3.1 Stealth
 + Level 4.2 Spellcasting
 + Level 2.4 Conjurations
 + Level 4.8 Air Magic


You had 2 spell levels left.
You knew the following spells:

 Your Spells              Type           Power        Failure   Level
a - Shock                 Conj/Air       ###.         2%          1
b - Swiftness             Air            ###.....     2%          2
c - Static Discharge      Conj/Air       ###.....     8%          3
d - Airstrike             Air            ###.......   16%         4

Your spell library contained the following spells:

 Spells                   Type           Power        Failure   Level
 Lightning Bolt           Conj/Air       ###.......   58%         5


Dungeon Overview and Level Annotations

Branches:
Dungeon (3/15)

Altars:
Xom


Message History

Confirm with . or Enter, or press ? or * to list all spells.
Aiming: Shock (safe; 2% risk of failure)
Press: ? - help, Shift-Dir - straight line The zap misses the orc priest.
The zap hits the orc wizard but does no damage.
The zap misses the orc wizard.
The orc priest casts a cantrip, but nothing happens.
Casting: Shock (safe; 2% risk of failure)
Confirm with . or Enter, or press ? or * to list all spells.
Press: ? - help, Shift-Dir - straight line The zap hits the orc priest.
The orc priest is moderately wounded.
The zap hits the orc priest.
The orc priest is heavily wounded.
The zap hits the orc wizard.
The orc wizard is moderately wounded.
The orc priest mumbles some strange prayers to Beogh against you.
Beogh smites you!
Ouch! That really hurt!
You die...

##≈≈≈(≈.≈.≈≈≈## #.#
##≈≈≈.).≈≈≈## ... ##≈≈...≈≈##
#.# ###oo'### #.# #...# #.#
####[#### #.# #....(oo# ##.##
#.##.##.# #...# ###<##.##@#
#.#.# #####.........# ##.#.##
.....†#...#.#.# #..#..#
....(....###..###.. ##.###.#
........## ##.... ###..#[#..
.........###..# ####...##.##.
......#...#..#####....###...##
#####.....)#.......####[..⌠†..
########.#####....###...##


You could see an orc priest and an orc wizard.

Vanquished Creatures
  Jessica (D:3)
  Natasha (D:3)
  Robin (D:2)
  5 adders (D:2)
  2 worms (D:2)
  2 leopard geckos
  3 orcs (D:3)
  3 giant cockroaches
  17 goblins
  8 hobgoblins
  5 kobolds
  A quokka (D:2)
  2 ball pythons
  9 bats
  2 frilled lizards
  9 rats
71 creatures vanquished.

Notes
Turn   | Place    | Note
-------+----------+-------------------------------------------
     0 | D:1      | jiml777 the Deep Elf Air Elementalist began the quest for
                  | the Orb.
     0 | D:1      | Reached XP level 1. HP: 10/10 MP: 6/6
   211 | D:1      | Reached XP level 2. HP: 15/15 MP: 5/8
   581 | D:1      | Learned a level 2 spell: Swiftness
  1310 | D:2      | Reached XP level 3. HP: 15/19 MP: 5/10
  1375 | D:2      | Found a shimmering altar of Xom.
  1940 | D:2      | Learned a level 3 spell: Static Discharge
  2030 | D:2      | Reached XP level 4. HP: 18/24 MP: 4/11
  2624 | D:2      | Noticed Robin
  2648 | D:2      | Killed Robin
  2857 | D:3      | Noticed Natasha
  2858 | D:3      | Noticed Jessica
  2863 | D:3      | Killed Natasha
  2864 | D:3      | Reached XP level 5. HP: 26/28 MP: 7/13
  2870 | D:3      | Killed Jessica
  2940 | D:3      | Learned a level 4 spell: Airstrike
  2989 | D:3      | Killed from afar by an orc priest

Illustrated notes

Levels and vault maps discovered:
D:1:      minmay_arrival_diagonal_passages, layout_basic
D:2:      layout_basic, brannock_xom_greatest_gift, minmay_pentomino_v2,
          uniq_robin
D:3:      minmay_general_purpose_star, layout_loops_cross, lemuel_round_altar,
          kennysheep_cluttered_room, uniq_natasha, uniq_terence, uniq_jessica

Skill      XL: |  1  2  3  4 |
---------------+-------------+-----
Air Magic      | 4 |  4.8
Spellcasting   | 4 |  4.2
Conjurations   | 2 |  2.4
Stealth        | 3 |  3.1
Dodging        | |  2.8

Action                   |  1- 3 |  4- 6 || total
-------------------------+-------+-------++-------
 Cast: Shock             |    62 |    73 ||   135
  Use: Scroll            |       |     5 ||     5
Armor: Robe              |     1 |     2 ||     3
Dodge: Dodged            |    13 |     9 ||    22

Table legend: (Time is in decaauts)
 A = Elapsed time spent in this place.
 B = Non-inter-level travel time spent in this place.
 C = Inter-level travel time spent in this place.
 D = Time resting spent in this place.
 E = Time spent auto-exploring this place.
 F = Levels seen in this place.
 G = Mean time per level.
                   A        B        C        D        E       F      G
               +--------+--------+--------+--------+--------+-----+--------+
         Total |   2996 |   2941 |     55 |   1173 |   1078 |   3 |  998.7 |
       Dungeon |   2996 |   2941 |     55 |   1173 |   1078 |   3 |  998.7 |
               +--------+--------+--------+--------+--------+-----+--------+

Top non-repeatable levels by time:
     D:2: 1383 daAuts
     D:1: 1290 daAuts
     D:3: 321 daAuts
